[ AOE2 MATCH · #480445586 ]
UnrankedItalians vs Vietnamese
Player's team · LOSS
[ REPLAY ANALYSIS · EXTRACTED FROM THE RECORDED GAME ]
Feudal
10:32
Castle
14:52
Imperial
27:54
| APM avg | 52.0 |
| APM peak | 115 |
| eAPM avg | 19.5 |
| Villagers / military | 126 / 66 |
Focus
⚔️ 18.0% · 🌾 82.0%
Genoese Crossbowman ×55 · Bombard Cannon ×7 · Monk ×4
Feudal
12:29
Castle
17:45
Imperial
29:46
| APM avg | 39.9 |
| APM peak | 100 |
| eAPM avg | 22.9 |
| Villagers / military | 133 / 104 |
Focus
⚔️ 27.2% · 🌾 72.8%
Hand Cannoneer ×81 · Bombard Cannon ×17 · Trade Cart ×10 · Monk ×5 · Archer ×1
Feudal
10:12
Castle
20:21
Imperial
30:49
| APM avg | 19.2 |
| APM peak | 56 |
| eAPM avg | 15.7 |
| Villagers / military | 146 / 114 |
Focus
⚔️ 28.4% · 🌾 71.6%
Rattan Archer ×46 · Battle Elephant ×32 · Fire Lancer ×17 · Skirmisher ×12 · Bombard Cannon ×6 · Monk ×1
Feudal
10:30
Castle
14:10
Imperial
37:02
| APM avg | 32.1 |
| APM peak | 99 |
| eAPM avg | 14.3 |
| Villagers / military | 101 / 79 |
Focus
⚔️ 20.1% · 🌾 79.9%
Gbeto ×75 · Trebuchet (Packed) ×4
Feudal
10:53
Castle
16:38
Imperial
29:47
| APM avg | 24.1 |
| APM peak | 57 |
| eAPM avg | 16.1 |
| Villagers / military | 123 / 108 |
Focus
⚔️ 33.6% · 🌾 66.4%
Throwing Axeman ×66 · Spearman ×40 · Trade Cart ×5 · Trebuchet (Packed) ×2
Feudal
10:06
Castle
14:03
Imperial
31:20
| APM avg | 20.1 |
| APM peak | 54 |
| eAPM avg | 15.0 |
| Villagers / military | 163 / 136 |
Focus
⚔️ 23.9% · 🌾 76.1%
Battle Elephant ×130 · Trade Cart ×5 · Battering Ram ×3 · Trebuchet (Packed) ×2 · Monk ×1
Feudal
—
Castle
—
Imperial
—
| APM avg | 20.4 |
| APM peak | 43 |
| eAPM avg | 15.7 |
| Villagers / military | 177 / 96 |
Focus
⚔️ 27.4% · 🌾 72.6%
Militia ×75 · Battering Ram ×14 · Trebuchet (Packed) ×5 · Mangonel ×2
Feudal
10:15
Castle
17:43
Imperial
34:20
| APM avg | 25.1 |
| APM peak | 136 |
| eAPM avg | 18.0 |
| Villagers / military | 262 / 68 |
Focus
⚔️ 27.3% · 🌾 72.7%
War Elephant ×62 · Monk ×4 · Knight ×1 · Trebuchet (Packed) ×1
Match map
Initial resources + every placement click. Lines = walls · curves = elevation contours. ◆ gold · ⬟ stone · ● berries · ✦ relic · ◌ wall gap
Your base· ✓ Closed at 14:52 · 0t walls · 3 gate(s)
GmDog's base· ✓ Closed at 17:45 · 0t walls · 2 gate(s)
loczekk_95's base· ✓ Closed at 20:21 · 0t walls · 3 gate(s)
INK | Royal Prestige's base· ✓ Closed at 14:10 · 0t walls · 2 gate(s)
打咩哟~'s base· ✓ Closed at 16:38 · 0t walls · 2 gate(s)
eickhoff.luizfelipe's base· ✓ Closed at 14:03 · 0t walls · 2 gate(s)
TurulloMix's base· ✓ Closed at 16:32 · 0t walls · 3 gate(s)
怒头堵紧's base· ✓ Closed at 17:43 · 5t walls · 5 gate(s)
Smoothed initial terrain · ◌ = detected wall gap · hover for details
Inputs per minute
— Buzz Lightyear - - GmDog
Build order — Buzz Lightyear
First 150 of 308 actions detected
| 0:01 | Create | Villager (Male) |
| 0:02 | Create | Villager (Male) |
| 0:02 | Create | Villager (Male) |
| 0:02 | Create | Villager (Male) |
| 0:03 | Create | Villager (Male) |
| 0:04 | Build | House |
| 0:06 | Build | House |
| 1:15 | Create | Villager (Male) |
| 1:15 | Create | Villager (Male) |
| 1:56 | Build | Lumber Camp |
| 2:05 | Create | Villager (Male) |
| 2:06 | Create | Villager (Male) |
| 2:29 | Create | Villager (Male) |
| 2:29 | Create | Villager (Male) |
| 2:38 | Create | Villager (Male) |
| 2:39 | Create | Villager (Male) |
| 3:13 | Create | Villager (Male) |
| 3:14 | Create | Villager (Male) |
| 3:27 | Build | House |
| 3:28 | Build | House |
| 3:37 | Build | House |
| 3:41 | Create | Villager (Male) |
| 3:42 | Create | Villager (Male) |
| 4:06 | Create | Villager (Male) |
| 4:07 | Create | Villager (Male) |
| 4:21 | Create | Villager (Male) |
| 4:21 | Create | Villager (Male) |
| 4:24 | Build | Mill |
| 4:38 | Create | Villager (Male) |
| 4:38 | Create | Villager (Male) |
| 4:56 | Build | House |
| 5:00 | Create | Villager (Male) |
| 5:00 | Create | Villager (Male) |
| 5:18 | Create | Villager (Male) |
| 5:18 | Create | Villager (Male) |
| 5:49 | Create | Villager (Male) |
| 5:50 | Create | Villager (Male) |
| 5:50 | Create | Villager (Male) |
| 6:02 | Create | Villager (Male) |
| 6:02 | Create | Villager (Male) |
| 6:02 | Create | Villager (Male) |
| 6:32 | Build | Mill |
| 6:56 | Create | Villager (Male) |
| 6:56 | Create | Villager (Male) |
| 6:56 | Create | Villager (Male) |
| 7:19 | Create | Villager (Male) |
| 7:19 | Create | Villager (Male) |
| 8:12 | Research | Feudal Age |
| 9:24 | Build | Mining Camp |
| 9:47 | Create | Villager (Male) |
| 9:48 | Create | Villager (Male) |
| 9:48 | Create | Villager (Male) |
| 10:32 | Age | Feudal Age |
| 10:46 | Build | Market |
| 11:12 | Build | Blacksmith |
| 11:47 | Create | Villager (Male) |
| 12:01 | Research | Castle Age |
| 12:09 | Build | House |
| 12:10 | Build | House |
| 12:14 | Research | Double-Bit Axe |
| 12:33 | Research | Horse Collar |
| 13:01 | Build | Farm |
| 13:02 | Build | Farm |
| 13:03 | Build | Farm |
| 13:12 | Build | House |
| 13:14 | Build | House |
| 13:38 | Research | Town Watch |
| 13:42 | Create | Villager (Male) |
| 13:42 | Create | Villager (Male) |
| 14:29 | Build | House |
| 14:31 | Build | House |
| 14:45 | Build | Mining Camp |
| 14:52 | Age | Castle Age |
| 14:53 | Build | Farm |
| 15:00 | Build | Monastery |
| 15:07 | Create | Villager (Male) |
| 15:29 | Create | Monk |
| 15:47 | Build | Town Center |
| 15:59 | Create | Villager (Male) |
| 16:16 | Build | Farm |
| 16:19 | Build | Farm |
| 16:21 | Create | Villager (Male) |
| 16:31 | Create | Monk |
| 16:45 | Build | Farm |
| 16:47 | Create | Villager (Male) |
| 17:06 | Create | Villager (Male) |
| 17:07 | Create | Villager (Male) |
| 17:07 | Create | Villager (Male) |
| 17:15 | Build | Farm |
| 17:16 | Create | Villager (Male) |
| 17:37 | Build | Farm |
| 17:38 | Create | Villager (Male) |
| 17:58 | Build | Farm |
| 18:00 | Create | Villager (Male) |
| 18:18 | Build | Farm |
| 18:19 | Create | Villager (Male) |
| 18:26 | Create | Villager (Male) |
| 18:28 | Build | Farm |
| 18:50 | Build | Farm |
| 18:55 | Build | Farm |
| 18:57 | Create | Villager (Male) |
| 19:18 | Build | Farm |
| 19:24 | Create | Villager (Male) |
| 19:25 | Create | Villager (Male) |
| 19:30 | Build | Farm |
| 19:35 | Create | Villager (Male) |
| 19:35 | Create | Villager (Male) |
| 19:36 | Create | Villager (Male) |
| 19:48 | Build | Town Center |
| 19:53 | Build | Farm |
| 19:59 | Build | Farm |
| 20:01 | Create | Villager (Male) |
| 20:02 | Create | Villager (Male) |
| 20:09 | Build | Farm |
| 20:10 | Create | Villager (Male) |
| 20:30 | Build | Farm |
| 20:41 | Build | Lumber Camp |
| 20:45 | Create | Villager (Male) |
| 20:57 | Build | Farm |
| 21:02 | Create | Villager (Male) |
| 21:04 | Create | Villager (Male) |
| 21:04 | Create | Villager (Male) |
| 21:10 | Create | Villager (Male) |
| 21:30 | Build | Farm |
| 21:32 | Create | Villager (Male) |
| 21:32 | Create | Villager (Male) |
| 21:44 | Build | Lumber Camp |
| 21:51 | Build | Farm |
| 21:52 | Create | Villager (Male) |
| 21:53 | Create | Villager (Male) |
| 21:54 | Create | Villager (Male) |
| 22:23 | Build | Farm |
| 22:24 | Create | Villager (Male) |
| 22:24 | Create | Villager (Male) |
| 22:28 | Build | Farm |
| 22:29 | Build | Farm |
| 22:34 | Create | Villager (Male) |
| 22:35 | Create | Villager (Male) |
| 22:35 | Create | Villager (Male) |
| 22:49 | Build | University |
| 22:50 | Build | House |
| 22:58 | Build | Farm |
| 23:00 | Create | Villager (Male) |
| 23:03 | Build | Farm |
| 23:05 | Research | Wheelbarrow |
| 23:18 | Build | Farm |
| 23:20 | Create | Villager (Male) |
| 23:20 | Create | Villager (Male) |
| 23:29 | Build | House |
| 23:30 | Build | House |
Build order — GmDog
First 150 of 366 actions detected
| 0:04 | Create | Villager (Male) ×4 |
| 0:05 | Build | House |
| 0:07 | Build | House |
| 1:43 | Create | Villager (Male) |
| 1:43 | Create | Villager (Male) |
| 2:18 | Create | Villager (Male) |
| 2:19 | Create | Villager (Male) |
| 2:19 | Create | Villager (Male) |
| 2:49 | Create | Villager (Male) |
| 2:49 | Create | Villager (Male) |
| 3:22 | Create | Villager (Male) |
| 3:22 | Create | Villager (Male) |
| 3:38 | Create | Villager (Male) |
| 3:38 | Create | Villager (Male) |
| 4:26 | Create | Villager (Male) |
| 4:26 | Create | Villager (Male) |
| 4:26 | Create | Villager (Male) |
| 4:27 | Create | Villager (Male) |
| 4:39 | Build | House |
| 5:44 | Build | Mill |
| 5:53 | Create | Villager (Male) |
| 5:53 | Create | Villager (Male) |
| 5:53 | Create | Villager (Male) |
| 5:53 | Create | Villager (Male) |
| 5:54 | Create | Villager (Male) |
| 5:59 | Build | House |
| 6:24 | Create | Villager (Male) |
| 6:25 | Create | Villager (Male) |
| 6:45 | Build | Lumber Camp |
| 6:59 | Create | Villager (Male) |
| 8:17 | Build | Farm |
| 8:18 | Build | Farm |
| 8:21 | Create | Villager (Male) |
| 8:21 | Create | Villager (Male) |
| 8:21 | Create | Villager (Male) |
| 8:24 | Build | Farm |
| 8:27 | Build | Farm |
| 8:53 | Build | Mining Camp |
| 9:32 | Build | House |
| 9:39 | Build | Farm |
| 9:46 | Create | Villager (Male) |
| 9:50 | Build | Farm |
| 10:19 | Research | Feudal Age |
| 10:20 | Research | Feudal Age |
| 10:26 | Build | Mill |
| 12:00 | Create | Villager (Male) |
| 12:29 | Age | Feudal Age |
| 12:32 | Build | Market |
| 12:43 | Create | Villager (Male) |
| 12:54 | Build | Blacksmith |
| 13:00 | Build | House |
| 13:02 | Build | House |
| 13:04 | Build | Farm |
| 13:25 | Create | Villager (Male) |
| 13:29 | Build | Farm |
| 13:51 | Build | House |
| 14:02 | Create | Villager (Male) |
| 14:25 | Build | Farm |
| 14:31 | Create | Villager (Male) |
| 14:55 | Build | House |
| 15:02 | Build | Barracks |
| 15:05 | Research | Castle Age |
| 15:05 | Research | Castle Age |
| 15:29 | Build | Farm |
| 15:34 | Research | Double-Bit Axe |
| 15:39 | Research | Horse Collar |
| 17:45 | Age | Castle Age |
| 17:52 | Build | Town Center |
| 17:58 | Create | Villager (Male) |
| 18:08 | Build | Town Center |
| 18:20 | Create | Villager (Male) |
| 18:21 | Research | Bow Saw |
| 18:38 | Build | Monastery |
| 18:43 | Build | University |
| 18:45 | Create | Villager (Male) |
| 18:46 | Create | Villager (Male) |
| 19:04 | Create | Villager (Male) |
| 19:04 | Create | Villager (Male) |
| 19:19 | Build | Farm |
| 19:20 | Build | Farm |
| 19:30 | Create | Villager (Male) |
| 19:30 | Create | Villager (Male) |
| 19:30 | Create | Villager (Male) |
| 19:31 | Create | Villager (Male) |
| 19:31 | Create | Villager (Male) |
| 19:31 | Create | Villager (Male) |
| 19:42 | Create | Monk |
| 19:57 | Build | Farm |
| 20:01 | Create | Villager (Male) |
| 20:01 | Create | Villager (Male) |
| 20:01 | Create | Villager (Male) |
| 20:01 | Create | Villager (Male) |
| 20:10 | Build | Farm |
| 20:18 | Research | Heavy Plow |
| 20:19 | Create | Villager (Male) |
| 20:19 | Create | Villager (Male) |
| 20:19 | Create | Villager (Male) |
| 20:24 | Build | Farm |
| 20:27 | Build | Farm |
| 20:31 | Build | Farm |
| 20:35 | Build | Farm |
| 20:39 | Create | Villager (Male) |
| 20:39 | Create | Villager (Male) |
| 20:42 | Build | Farm |
| 20:46 | Build | Farm |
| 20:57 | Build | House |
| 20:59 | Build | House |
| 21:04 | Build | House |
| 21:06 | Build | House |
| 21:12 | Build | Farm |
| 21:13 | Create | Villager (Male) |
| 21:13 | Create | Villager (Male) |
| 21:18 | Build | Farm |
| 21:30 | Create | Villager (Male) |
| 21:30 | Create | Villager (Male) |
| 21:30 | Create | Villager (Male) |
| 22:09 | Build | Town Center |
| 22:21 | Build | Farm |
| 22:23 | Research | Wheelbarrow |
| 22:24 | Research | Loom |
| 22:25 | Create | Villager (Male) |
| 22:26 | Create | Villager (Male) |
| 22:26 | Create | Villager (Male) |
| 22:26 | Create | Villager (Male) |
| 22:26 | Create | Villager (Male) |
| 22:27 | Create | Villager (Male) |
| 22:35 | Build | Farm |
| 22:42 | Research | Town Watch |
| 23:09 | Build | Farm |
| 23:11 | Create | Villager (Male) |
| 23:12 | Create | Villager (Male) |
| 23:12 | Create | Villager (Male) |
| 23:12 | Create | Villager (Male) |
| 23:30 | Build | Farm |
| 23:34 | Build | Farm |
| 23:35 | Create | Villager (Male) |
| 23:35 | Create | Villager (Male) |
| 23:36 | Create | Villager (Male) |
| 23:36 | Create | Villager (Male) |
| 23:46 | Build | Farm |
| 23:49 | Create | Villager (Male) |
| 23:49 | Create | Villager (Male) |
| 23:50 | Create | Villager (Male) |
| 24:36 | Build | Archery Range |
| 24:43 | Create | Villager (Male) |
| 25:03 | Build | Archery Range |
| 25:05 | Build | Archery Range |
| 25:09 | Build | Siege Workshop |
| 25:12 | Build | Archery Range |
| 25:18 | Create | Villager (Male) |
Build order — loczekk_95
First 150 of 426 actions detected
| 0:06 | Build | House |
| 0:07 | Create | Villager (Male) |
| 0:07 | Create | Villager (Male) |
| 0:08 | Create | Villager (Male) |
| 0:08 | Create | Villager (Male) |
| 0:08 | Create | Villager (Male) |
| 0:42 | Build | House |
| 0:43 | Build | House |
| 1:33 | Create | Villager (Male) |
| 1:40 | Build | Mill |
| 2:05 | Create | Villager (Male) |
| 2:05 | Create | Villager (Male) |
| 2:34 | Create | Villager (Male) |
| 2:51 | Create | Villager (Male) |
| 3:17 | Create | Villager (Male) |
| 3:43 | Create | Villager (Male) |
| 3:54 | Create | Villager (Male) |
| 4:08 | Create | Villager (Male) |
| 4:23 | Create | Villager (Male) |
| 4:42 | Research | Loom |
| 4:55 | Build | Lumber Camp |
| 5:17 | Create | Villager (Male) |
| 5:27 | Build | House |
| 5:31 | Create | Villager (Male) |
| 5:36 | Create | Villager (Male) |
| 6:27 | Build | House |
| 6:37 | Create | Villager (Male) |
| 7:04 | Build | House |
| 7:18 | Build | House |
| 7:31 | Create | Villager (Male) |
| 7:58 | Research | Feudal Age |
| 9:04 | Build | Mill |
| 10:12 | Age | Feudal Age |
| 10:14 | Research | Wheelbarrow |
| 10:17 | Research | Double-Bit Axe |
| 10:19 | Research | Horse Collar |
| 10:30 | Build | Barracks |
| 10:41 | Create | Villager (Male) |
| 10:41 | Create | Villager (Male) |
| 10:42 | Create | Villager (Male) |
| 11:18 | Build | Farm |
| 11:33 | Build | Archery Range |
| 11:43 | Create | Villager (Male) |
| 11:44 | Create | Villager (Male) |
| 11:44 | Create | Villager (Male) |
| 11:45 | Create | Villager (Male) |
| 11:57 | Build | Farm |
| 12:11 | Build | Mining Camp |
| 12:20 | Build | House |
| 12:21 | Build | House |
| 12:36 | Build | Farm |
| 13:14 | Research | Gold Mining |
| 13:15 | Research | Stone Mining |
| 13:25 | Build | Blacksmith |
| 13:29 | Build | Farm |
| 13:32 | Create | Villager (Male) |
| 13:33 | Create | Villager (Male) |
| 13:34 | Create | Villager (Male) |
| 13:35 | Create | Villager (Male) |
| 13:47 | Build | Farm |
| 13:50 | Build | Farm |
| 14:16 | Build | Farm |
| 14:30 | Build | Farm |
| 14:41 | Build | Farm |
| 14:52 | Build | Farm |
| 15:12 | Build | Farm |
| 15:17 | Create | Villager (Male) |
| 15:18 | Create | Villager (Male) |
| 15:31 | Build | Mining Camp |
| 15:47 | Build | Farm |
| 15:48 | Build | Farm |
| 16:05 | Build | Farm |
| 16:13 | Create | Villager (Male) |
| 16:19 | Build | Farm |
| 16:27 | Create | Villager (Male) |
| 16:37 | Build | Farm |
| 16:45 | Build | Farm |
| 17:04 | Create | Villager (Male) |
| 17:41 | Research | Castle Age |
| 17:42 | Research | Castle Age |
| 17:59 | Build | Stable |
| 18:02 | Build | Stable |
| 18:21 | Build | Market |
| 18:28 | Research | Scale Mail Armor |
| 18:28 | Research | Padded Archer Armor |
| 18:40 | Research | Scale Barding Armor |
| 18:54 | Research | Fletching |
| 19:23 | Research | Forging |
| 20:21 | Age | Castle Age |
| 20:24 | Research | Hand Cart |
| 20:31 | Build | Town Center |
| 20:41 | Build | Town Center |
| 20:49 | Research | Heavy Plow |
| 21:12 | Research | Bow Saw |
| 21:26 | Build | House |
| 21:26 | Build | House |
| 21:27 | Build | House |
| 21:29 | Build | House |
| 21:38 | Research | Stone Shaft Mining |
| 21:44 | Create | Villager (Male) |
| 21:44 | Create | Villager (Male) |
| 21:44 | Create | Villager (Male) |
| 22:02 | Create | Villager (Male) |
| 22:16 | Build | Farm |
| 22:29 | Create | Villager (Male) |
| 22:29 | Create | Villager (Male) |
| 22:42 | Create | Villager (Male) |
| 22:43 | Create | Villager (Male) |
| 22:48 | Build | Farm |
| 23:04 | Build | Town Center |
| 23:14 | Create | Villager (Male) |
| 23:18 | Create | Villager (Male) |
| 23:19 | Create | Villager (Male) |
| 23:22 | Create | Villager (Male) |
| 23:23 | Create | Villager (Male) |
| 23:23 | Create | Villager (Male) |
| 23:23 | Create | Villager (Male) |
| 23:24 | Create | Villager (Male) |
| 23:24 | Create | Villager (Male) |
| 23:33 | Build | Farm |
| 23:34 | Build | Farm |
| 23:35 | Build | Farm |
| 23:49 | Build | Farm |
| 23:56 | Create | Villager (Male) |
| 23:57 | Create | Villager (Male) |
| 23:57 | Create | Villager (Male) |
| 23:57 | Create | Villager (Male) |
| 23:57 | Create | Villager (Male) |
| 24:33 | Build | Monastery |
| 24:38 | Create | Villager (Male) |
| 24:38 | Create | Villager (Male) |
| 25:08 | Create | Villager (Male) |
| 25:09 | Create | Villager (Male) |
| 25:09 | Create | Villager (Male) |
| 25:09 | Create | Villager (Male) |
| 25:10 | Create | Villager (Male) |
| 25:25 | Build | Farm |
| 25:27 | Create | Monk |
| 25:41 | Create | Villager (Male) |
| 25:41 | Create | Villager (Male) |
| 25:48 | Build | Farm |
| 25:58 | Build | Farm |
| 25:59 | Build | Farm |
| 26:06 | Build | Farm |
| 26:08 | Create | Villager (Male) |
| 26:08 | Create | Villager (Male) |
| 26:14 | Build | Farm |
| 26:15 | Create | Villager (Male) |
| 26:16 | Create | Villager (Male) |
| 26:16 | Create | Villager (Male) |
Build order — INK | Royal Prestige
First 150 of 197 actions detected
| 0:02 | Create | Villager (Male) |
| 0:02 | Create | Villager (Male) |
| 0:03 | Build | House |
| 0:05 | Build | House |
| 0:18 | Create | Villager (Male) |
| 0:18 | Create | Villager (Male) |
| 1:50 | Create | Villager (Male) |
| 2:23 | Create | Villager (Male) ×2 |
| 2:24 | Create | Villager (Male) ×2 |
| 2:31 | Build | Lumber Camp |
| 3:05 | Create | Villager (Male) ×2 |
| 3:24 | Build | House |
| 3:25 | Build | House |
| 3:32 | Create | Villager (Male) |
| 4:07 | Create | Villager (Male) ×2 |
| 4:47 | Create | Villager (Male) ×2 |
| 4:48 | Create | Villager (Male) ×2 |
| 6:09 | Create | Villager (Male) |
| 6:09 | Create | Villager (Male) |
| 6:10 | Create | Villager (Male) |
| 7:15 | Create | Villager (Male) |
| 7:34 | Build | Mill |
| 8:20 | Research | Feudal Age |
| 8:20 | Research | Feudal Age |
| 10:30 | Age | Feudal Age |
| 10:36 | Build | Market |
| 10:55 | Create | Villager (Male) |
| 11:03 | Build | Blacksmith |
| 11:30 | Research | Castle Age |
| 11:39 | Build | Mining Camp |
| 13:42 | Research | Stone Mining |
| 13:46 | Research | Double-Bit Axe |
| 13:46 | Research | Double-Bit Axe |
| 13:59 | Create | Villager (Male) ×2 |
| 14:10 | Age | Castle Age |
| 14:32 | Build | Farm |
| 14:33 | Build | Farm |
| 14:34 | Build | Farm |
| 14:41 | Research | Horse Collar |
| 14:51 | Build | Farm |
| 14:54 | Create | Villager (Male) |
| 14:54 | Create | Villager (Male) |
| 15:08 | Build | House |
| 15:21 | Create | Villager (Male) |
| 15:49 | Build | Farm |
| 15:51 | Build | Farm |
| 15:53 | Build | Farm |
| 15:55 | Build | Farm |
| 16:01 | Create | Villager (Male) |
| 16:01 | Create | Villager (Male) |
| 16:09 | Build | House |
| 16:36 | Build | Gate |
| 16:41 | Create | Villager (Male) |
| 16:41 | Create | Villager (Male) |
| 16:57 | Build | Farm |
| 17:29 | Build | Castle |
| 17:59 | Build | Farm |
| 18:15 | Build | Lumber Camp |
| 18:21 | Create | Villager (Male) |
| 18:21 | Create | Villager (Male) |
| 19:20 | Build | Town Center |
| 19:38 | Create | Villager (Male) ×5 |
| 19:43 | Research | Gold Mining |
| 19:52 | Research | Bow Saw |
| 20:01 | Research | Heavy Plow |
| 20:33 | Create | Villager (Male) ×2 |
| 20:33 | Create | Villager (Male) ×2 |
| 20:56 | Build | University |
| 21:07 | Create | Villager (Male) |
| 21:12 | Create | Villager (Male) |
| 21:23 | Build | Town Center |
| 21:29 | Create | Villager (Male) |
| 21:29 | Create | Villager (Male) |
| 21:30 | Research | Loom |
| 21:52 | Build | Farm |
| 21:54 | Build | Farm |
| 21:56 | Build | Farm |
| 22:05 | Create | Gbeto ×2 |
| 22:28 | Create | Gbeto |
| 22:28 | Create | Gbeto |
| 23:20 | Create | Gbeto ×4 |
| 23:26 | Build | Mining Camp |
| 23:32 | Create | Villager (Male) |
| 23:53 | Build | Outpost |
| 23:56 | Create | Gbeto ×2 |
| 24:05 | Create | Villager (Male) |
| 24:18 | Create | Gbeto ×2 |
| 24:18 | Create | Gbeto |
| 25:13 | Create | Villager (Male) ×4 |
| 25:38 | Create | Villager (Male) ×2 |
| 25:47 | Build | Farm |
| 25:47 | Build | Farm |
| 25:48 | Build | Farm |
| 25:48 | Build | Farm |
| 25:48 | Build | Farm |
| 25:48 | Build | Farm |
| 25:48 | Build | Farm |
| 25:49 | Build | Farm |
| 26:04 | Create | Gbeto ×2 |
| 26:53 | Create | Gbeto ×4 |
| 26:53 | Create | Gbeto ×4 |
| 27:09 | Research | Treadmill Crane |
| 27:14 | Create | Villager (Male) ×3 |
| 27:23 | Research | Scale Mail Armor |
| 27:41 | Build | Barracks |
| 27:47 | Create | Gbeto |
| 27:47 | Create | Gbeto |
| 28:09 | Build | Farm |
| 28:09 | Build | Farm |
| 28:09 | Build | Farm |
| 28:10 | Build | Farm |
| 28:10 | Build | Farm |
| 28:10 | Build | Farm |
| 28:11 | Build | Farm |
| 28:11 | Build | Farm |
| 28:11 | Build | Farm |
| 28:22 | Research | Squires |
| 28:30 | Build | House |
| 28:31 | Build | House |
| 28:32 | Build | House |
| 28:32 | Build | House |
| 28:33 | Build | House |
| 28:33 | Build | House |
| 29:09 | Create | Gbeto |
| 29:10 | Create | Gbeto |
| 29:12 | Research | Forging |
| 29:18 | Research | Arson |
| 29:35 | Research | Wheelbarrow |
| 29:36 | Create | Villager (Male) |
| 29:36 | Create | Villager (Male) |
| 29:50 | Research | Town Watch |
| 29:50 | Research | Town Watch |
| 30:53 | Research | Hand Cart |
| 30:53 | Research | Hand Cart |
| 30:57 | Create | Villager (Male) ×4 |
| 31:03 | Build | Farm |
| 31:03 | Build | Farm |
| 31:03 | Build | Farm |
| 31:03 | Build | Farm |
| 31:13 | Create | Gbeto |
| 31:28 | Build | Farm |
| 31:35 | Build | Farm |
| 31:38 | Build | Farm |
| 31:43 | Create | Villager (Male) |
| 31:44 | Create | Villager (Male) |
| 32:06 | Create | Gbeto ×5 |
| 32:14 | Build | Farm |
| 32:18 | Build | Farm |
| 32:22 | Build | Farm |
| 33:02 | Build | Farm |
Build order — 打咩哟~
First 150 of 413 actions detected
| 0:02 | Create | Villager (Male) |
| 0:03 | Create | Villager (Male) |
| 0:04 | Build | House |
| 0:06 | Build | House |
| 0:19 | Create | Villager (Male) |
| 0:19 | Create | Villager (Male) |
| 0:19 | Create | Villager (Male) |
| 1:29 | Create | Villager (Male) |
| 1:29 | Create | Villager (Male) |
| 1:47 | Build | Lumber Camp |
| 2:05 | Create | Villager (Male) |
| 2:06 | Create | Villager (Male) |
| 2:21 | Create | Villager (Male) |
| 2:22 | Create | Villager (Male) |
| 2:45 | Research | Loom |
| 2:53 | Create | Villager (Male) |
| 2:54 | Create | Villager (Male) |
| 3:18 | Create | Villager (Male) |
| 3:18 | Create | Villager (Male) |
| 4:11 | Create | Villager (Male) |
| 4:11 | Create | Villager (Male) |
| 4:12 | Create | Villager (Male) |
| 4:18 | Build | House |
| 4:20 | Build | House |
| 4:22 | Create | Villager (Male) |
| 4:22 | Create | Villager (Male) |
| 5:03 | Create | Villager (Male) |
| 5:04 | Create | Villager (Male) |
| 5:04 | Create | Villager (Male) |
| 5:18 | Build | Mill |
| 7:00 | Build | Mining Camp |
| 7:03 | Create | Villager (Male) |
| 7:04 | Create | Villager (Male) |
| 7:05 | Create | Villager (Male) |
| 7:05 | Create | Villager (Male) |
| 8:09 | Build | Mining Camp |
| 8:14 | Research | Feudal Age |
| 9:00 | Create | Villager (Male) |
| 9:00 | Create | Villager (Male) |
| 9:07 | Build | House |
| 9:56 | Build | Mill |
| 10:53 | Age | Feudal Age |
| 11:19 | Create | Villager (Male) |
| 11:19 | Create | Villager (Male) |
| 11:27 | Build | Blacksmith |
| 11:34 | Build | Market |
| 11:43 | Build | Farm |
| 11:46 | Build | Farm |
| 12:56 | Create | Villager (Male) |
| 12:59 | Create | Villager (Male) |
| 13:04 | Build | Farm |
| 13:05 | Build | Farm |
| 13:09 | Build | Farm |
| 13:10 | Build | Farm |
| 13:58 | Research | Castle Age |
| 13:58 | Research | Castle Age |
| 14:07 | Build | House |
| 14:19 | Build | Farm |
| 14:20 | Build | Farm |
| 15:31 | Create | Villager (Male) |
| 15:32 | Create | Villager (Male) |
| 16:38 | Age | Castle Age |
| 16:45 | Create | Villager (Male) |
| 16:45 | Create | Villager (Male) |
| 16:57 | Build | Town Center |
| 17:19 | Create | Villager (Male) |
| 17:28 | Create | Villager (Male) |
| 17:28 | Create | Villager (Male) |
| 18:01 | Create | Villager (Male) |
| 18:01 | Create | Villager (Male) |
| 18:26 | Build | Farm |
| 18:27 | Build | Farm |
| 18:29 | Build | Farm |
| 18:30 | Build | Farm |
| 18:32 | Build | Farm |
| 18:33 | Build | Farm |
| 18:35 | Create | Villager (Male) |
| 18:36 | Create | Villager (Male) |
| 18:36 | Create | Villager (Male) |
| 18:38 | Research | Wheelbarrow |
| 18:40 | Research | Double-Bit Axe |
| 18:46 | Create | Villager (Male) |
| 18:46 | Create | Villager (Male) |
| 18:47 | Research | Town Watch |
| 19:04 | Build | Castle |
| 19:08 | Build | Farm |
| 19:12 | Build | Farm |
| 19:20 | Create | Villager (Male) |
| 19:20 | Create | Villager (Male) |
| 19:21 | Create | Villager (Male) |
| 19:38 | Build | House |
| 19:39 | Build | House |
| 20:01 | Create | Villager (Male) |
| 20:01 | Create | Villager (Male) |
| 20:21 | Create | Villager (Male) |
| 20:22 | Create | Villager (Male) |
| 20:26 | Build | Farm |
| 20:29 | Build | Farm |
| 20:35 | Build | House |
| 20:36 | Build | House |
| 20:38 | Build | House |
| 20:39 | Build | House |
| 20:45 | Build | Barracks |
| 20:49 | Create | Villager (Male) |
| 20:50 | Create | Villager (Male) |
| 20:54 | Create | Villager (Male) |
| 20:54 | Create | Villager (Male) |
| 21:09 | Research | Bow Saw |
| 21:35 | Build | Gate |
| 21:40 | Build | House |
| 21:41 | Build | House |
| 21:42 | Build | House |
| 21:43 | Build | House |
| 21:46 | Create | Villager (Male) |
| 21:46 | Create | Villager (Male) |
| 22:21 | Build | Town Center |
| 22:39 | Create | Villager (Male) |
| 22:39 | Create | Villager (Male) |
| 22:40 | Create | Villager (Male) |
| 22:46 | Research | Gold Mining |
| 22:47 | Research | Stone Mining |
| 23:28 | Build | Mining Camp |
| 23:37 | Create | Villager (Male) |
| 23:37 | Create | Villager (Male) |
| 23:37 | Create | Villager (Male) |
| 23:38 | Create | Villager (Male) |
| 24:13 | Build | Town Center |
| 24:15 | Create | Villager (Male) |
| 24:15 | Create | Villager (Male) |
| 24:15 | Create | Villager (Male) |
| 24:24 | Build | House |
| 24:25 | Build | House |
| 24:26 | Build | House |
| 24:29 | Create | Villager (Male) |
| 24:29 | Create | Villager (Male) |
| 24:30 | Create | Villager (Male) |
| 24:39 | Build | Farm |
| 24:50 | Build | Farm |
| 24:58 | Build | Farm |
| 25:08 | Create | Villager (Male) |
| 25:08 | Create | Villager (Male) |
| 25:08 | Create | Villager (Male) |
| 25:23 | Create | Villager (Male) |
| 25:23 | Create | Villager (Male) |
| 25:26 | Build | Farm |
| 25:27 | Build | Farm |
| 25:32 | Build | Farm |
| 25:34 | Build | Farm |
| 25:41 | Build | Farm |
| 25:44 | Build | Farm |
Build order — eickhoff.luizfelipe
First 150 of 406 actions detected
| 0:00 | Create | Villager (Male) |
| 0:01 | Create | Villager (Male) |
| 0:03 | Build | House |
| 0:06 | Build | House |
| 0:06 | Create | Villager (Male) |
| 0:06 | Create | Villager (Male) |
| 1:26 | Create | Villager (Male) |
| 1:44 | Build | Mill |
| 2:00 | Create | Villager (Male) |
| 2:24 | Create | Villager (Male) |
| 2:41 | Create | Villager (Male) |
| 2:41 | Create | Villager (Male) |
| 3:20 | Create | Villager (Male) |
| 3:21 | Create | Villager (Male) |
| 3:28 | Build | House |
| 3:29 | Build | House |
| 3:37 | Create | Villager (Male) |
| 3:38 | Create | Villager (Male) |
| 3:56 | Create | Villager (Male) |
| 4:05 | Create | Villager (Male) |
| 4:06 | Create | Villager (Male) |
| 4:15 | Create | Villager (Male) |
| 4:58 | Create | Villager (Male) |
| 5:01 | Create | Villager (Male) |
| 5:01 | Create | Villager (Male) |
| 5:52 | Create | Villager (Male) |
| 6:11 | Build | Lumber Camp |
| 6:46 | Create | Villager (Male) |
| 6:47 | Create | Villager (Male) |
| 7:37 | Research | Feudal Age |
| 8:03 | Build | Mill |
| 9:08 | Build | Mining Camp |
| 10:02 | Research | Loom |
| 10:06 | Age | Feudal Age |
| 10:58 | Create | Villager (Male) |
| 11:22 | Research | Castle Age |
| 11:30 | Build | Lumber Camp |
| 11:43 | Build | House |
| 11:44 | Build | House |
| 11:46 | Build | House |
| 12:21 | Research | Double-Bit Axe |
| 12:53 | Research | Horse Collar |
| 13:15 | Build | House |
| 14:03 | Age | Castle Age |
| 14:05 | Build | Town Center |
| 14:06 | Create | Villager (Male) |
| 14:17 | Build | Town Center |
| 14:18 | Create | Villager (Male) |
| 14:25 | Build | Farm |
| 15:03 | Create | Villager (Male) |
| 15:11 | Build | Farm |
| 15:13 | Build | Farm |
| 15:16 | Build | Farm |
| 15:23 | Create | Villager (Male) |
| 15:31 | Build | Farm |
| 15:43 | Build | Farm |
| 15:56 | Build | Farm |
| 15:57 | Create | Villager (Male) |
| 15:57 | Create | Villager (Male) |
| 16:09 | Build | Farm |
| 16:18 | Create | Villager (Male) |
| 16:18 | Create | Villager (Male) |
| 16:24 | Build | Farm |
| 16:33 | Build | Farm |
| 16:38 | Create | Villager (Male) |
| 16:42 | Build | Farm |
| 16:45 | Build | Farm |
| 16:55 | Create | Villager (Male) |
| 16:58 | Build | Farm |
| 17:10 | Build | Farm |
| 17:10 | Create | Villager (Male) |
| 17:20 | Build | Farm |
| 17:21 | Create | Villager (Male) |
| 17:29 | Build | Farm |
| 17:33 | Build | Farm |
| 17:34 | Create | Villager (Male) |
| 17:34 | Create | Villager (Male) |
| 17:41 | Create | Villager (Male) |
| 17:50 | Create | Villager (Male) |
| 18:08 | Build | Monastery |
| 18:09 | Create | Villager (Male) |
| 18:09 | Create | Villager (Male) |
| 18:18 | Build | Farm |
| 18:18 | Create | Villager (Male) |
| 18:23 | Create | Villager (Male) |
| 18:24 | Create | Villager (Male) |
| 18:32 | Create | Villager (Male) |
| 18:36 | Build | Farm |
| 18:41 | Build | Farm |
| 18:42 | Create | Villager (Male) |
| 18:50 | Build | Farm |
| 18:50 | Create | Villager (Male) |
| 18:50 | Create | Villager (Male) |
| 18:55 | Build | Farm |
| 18:56 | Create | Villager (Male) |
| 18:58 | Create | Monk |
| 19:03 | Create | Villager (Male) |
| 19:08 | Build | House |
| 19:11 | Build | House |
| 19:13 | Build | House |
| 19:15 | Build | House |
| 19:16 | Create | Villager (Male) |
| 19:18 | Create | Villager (Male) |
| 19:18 | Create | Villager (Male) |
| 19:23 | Build | Farm |
| 19:26 | Build | Farm |
| 19:27 | Create | Villager (Male) |
| 19:32 | Create | Villager (Male) |
| 19:38 | Create | Villager (Male) |
| 19:43 | Build | Farm |
| 19:45 | Create | Villager (Male) |
| 19:48 | Build | Farm |
| 19:54 | Build | Farm |
| 19:55 | Create | Villager (Male) |
| 19:55 | Create | Villager (Male) |
| 19:57 | Create | Villager (Male) |
| 20:15 | Create | Villager (Male) |
| 20:15 | Create | Villager (Male) |
| 20:16 | Create | Villager (Male) |
| 20:20 | Create | Villager (Male) |
| 20:20 | Create | Villager (Male) |
| 20:25 | Create | Villager (Male) |
| 20:28 | Build | Farm |
| 20:33 | Build | Farm |
| 20:33 | Create | Villager (Male) |
| 20:36 | Build | Farm |
| 20:36 | Create | Villager (Male) |
| 20:41 | Create | Villager (Male) |
| 20:55 | Create | Villager (Male) |
| 20:55 | Create | Villager (Male) |
| 20:56 | Create | Villager (Male) |
| 20:57 | Create | Villager (Male) |
| 21:02 | Create | Villager (Male) |
| 21:22 | Build | House |
| 21:27 | Build | Market |
| 21:29 | Create | Villager (Male) |
| 21:29 | Create | Villager (Male) |
| 21:30 | Create | Villager (Male) |
| 21:34 | Research | Bow Saw |
| 21:53 | Build | Mining Camp |
| 21:58 | Research | Heavy Plow |
| 22:07 | Create | Villager (Male) |
| 22:15 | Create | Villager (Male) |
| 22:22 | Build | Farm |
| 22:26 | Build | Farm |
| 22:27 | Create | Villager (Male) |
| 22:48 | Create | Villager (Male) |
| 22:49 | Create | Villager (Male) |
| 22:49 | Create | Villager (Male) |
| 22:57 | Create | Villager (Male) |
Build order — TurulloMix
First 150 of 415 actions detected
| 0:00 | Create | Villager (Male) |
| 0:03 | Build | House |
| 0:05 | Build | House |
| 0:34 | Create | Villager (Male) |
| 0:34 | Create | Villager (Male) |
| 0:34 | Create | Villager (Male) |
| 0:34 | Create | Villager (Male) |
| 1:58 | Create | Villager (Male) |
| 1:58 | Create | Villager (Male) |
| 2:15 | Create | Villager (Male) |
| 2:33 | Create | Villager (Male) |
| 2:57 | Create | Villager (Male) |
| 3:27 | Create | Villager (Male) |
| 3:27 | Create | Villager (Male) |
| 3:33 | Build | House |
| 3:55 | Create | Villager (Male) |
| 4:04 | Create | Villager (Male) |
| 4:08 | Build | Barracks |
| 4:51 | Create | Villager (Male) |
| 4:51 | Create | Villager (Male) |
| 5:06 | Build | Lumber Camp |
| 5:12 | Create | Villager (Male) |
| 5:43 | Create | Villager (Male) |
| 6:13 | Create | Villager (Male) |
| 6:14 | Create | Villager (Male) |
| 6:52 | Create | Villager (Male) |
| 7:26 | Build | House |
| 7:37 | Create | Villager (Male) |
| 7:37 | Create | Villager (Male) |
| 7:55 | Create | Villager (Male) |
| 8:05 | Build | Lumber Camp |
| 8:23 | Create | Villager (Male) |
| 8:51 | Build | House |
| 9:23 | Research | Loom |
| 9:23 | Research | Feudal Age |
| 11:27 | Build | Mill |
| 11:40 | Create | Villager (Male) |
| 11:53 | Research | Double-Bit Axe |
| 12:04 | Build | Gate |
| 12:11 | Create | Villager (Male) |
| 12:22 | Create | Villager (Male) |
| 12:26 | Create | Villager (Male) |
| 12:51 | Build | Mining Camp |
| 13:05 | Create | Villager (Male) |
| 13:05 | Create | Villager (Male) |
| 14:08 | Create | Villager (Male) |
| 14:28 | Build | Market |
| 14:38 | Create | Villager (Male) |
| 14:46 | Build | Blacksmith |
| 15:02 | Create | Villager (Male) |
| 15:30 | Create | Villager (Male) |
| 15:40 | Build | Farm |
| 15:41 | Build | Farm |
| 15:42 | Build | Farm |
| 15:42 | Build | Farm |
| 15:43 | Build | Farm |
| 15:47 | Create | Villager (Male) |
| 15:56 | Build | Farm |
| 15:58 | Build | Farm |
| 16:04 | Build | House |
| 16:18 | Create | Villager (Male) |
| 16:32 | Research | Castle Age |
| 16:38 | Create | Villager (Male) |
| 16:40 | Build | Farm |
| 16:49 | Build | Lumber Camp |
| 16:57 | Build | Mill |
| 16:59 | Build | Farm |
| 16:59 | Build | Farm |
| 17:00 | Build | Farm |
| 17:00 | Build | Farm |
| 17:01 | Build | Farm |
| 17:08 | Create | Villager (Male) |
| 17:08 | Create | Villager (Male) |
| 17:53 | Research | Horse Collar |
| 18:08 | Research | Man-at-Arms (upgrade) |
| 18:14 | Research | Scale Mail Armor |
| 18:25 | Build | Barracks |
| 18:33 | Create | Militia |
| 18:34 | Create | Militia |
| 18:34 | Create | Militia |
| 18:34 | Create | Militia |
| 18:51 | Build | Mining Camp |
| 19:23 | Research | Long Swordsman (upgrade) |
| 19:32 | Build | Siege Workshop |
| 19:40 | Create | Villager (Male) |
| 19:53 | Build | Town Center |
| 20:05 | Research | Loom |
| 20:10 | Create | Villager (Male) |
| 20:13 | Research | Wheelbarrow |
| 20:21 | Create | Mangonel |
| 20:24 | Create | Battering Ram |
| 20:31 | Build | Palisade Wall |
| 20:35 | Build | Gate |
| 20:45 | Create | Battering Ram |
| 20:50 | Research | Squires |
| 20:51 | Create | Militia |
| 20:51 | Create | Militia |
| 20:51 | Create | Militia |
| 21:15 | Create | Battering Ram |
| 21:18 | Create | Villager (Male) |
| 21:19 | Create | Villager (Male) |
| 21:19 | Create | Villager (Male) |
| 21:47 | Create | Villager (Male) |
| 21:52 | Build | Farm |
| 21:56 | Create | Villager (Male) |
| 21:56 | Create | Villager (Male) |
| 21:57 | Create | Villager (Male) |
| 22:22 | Create | Militia |
| 22:22 | Create | Militia |
| 22:22 | Create | Militia |
| 22:26 | Build | House |
| 23:02 | Create | Battering Ram |
| 23:02 | Create | Battering Ram |
| 23:02 | Create | Battering Ram |
| 23:15 | Create | Villager (Male) |
| 23:15 | Create | Villager (Male) |
| 23:15 | Create | Villager (Male) |
| 23:19 | Create | Militia |
| 23:20 | Create | Militia |
| 23:26 | Build | Mill |
| 23:29 | Build | Farm |
| 23:30 | Build | Farm |
| 23:38 | Create | Villager (Male) |
| 23:41 | Create | Villager (Male) |
| 23:41 | Create | Villager (Male) |
| 23:48 | Build | Castle |
| 23:54 | Research | Fletching |
| 24:02 | Create | Battering Ram |
| 24:25 | Create | Villager (Male) |
| 24:26 | Create | Villager (Male) |
| 24:26 | Create | Villager (Male) |
| 24:26 | Create | Villager (Male) |
| 24:34 | Create | Villager (Male) |
| 24:35 | Create | Villager (Male) |
| 24:35 | Create | Villager (Male) |
| 25:01 | Create | Battering Ram |
| 25:06 | Build | Farm |
| 25:07 | Build | Farm |
| 25:07 | Build | Farm |
| 25:07 | Build | Farm |
| 25:11 | Create | Villager (Male) |
| 25:11 | Create | Villager (Male) |
| 25:12 | Create | Villager (Male) |
| 25:12 | Create | Villager (Male) |
| 25:12 | Create | Villager (Male) |
| 25:28 | Create | Mangonel |
| 25:32 | Build | Farm |
| 25:40 | Create | Villager (Male) |
| 25:40 | Create | Villager (Male) |
| 25:40 | Create | Villager (Male) |
Build order — 怒头堵紧
First 150 of 334 actions detected
| 0:05 | Create | Villager (Male) |
| 0:05 | Create | Villager (Male) |
| 0:05 | Create | Villager (Male) |
| 0:06 | Create | Villager (Male) |
| 0:06 | Create | Villager (Male) |
| 0:18 | Build | House |
| 0:30 | Build | House |
| 1:42 | Create | Villager (Male) |
| 1:43 | Create | Villager (Male) |
| 2:10 | Build | Lumber Camp |
| 2:17 | Create | Villager (Male) |
| 2:33 | Create | Villager (Male) |
| 3:06 | Create | Villager (Male) |
| 3:20 | Create | Villager (Male) |
| 3:32 | Build | House |
| 4:20 | Create | Villager (Male) |
| 4:21 | Create | Villager (Male) |
| 4:45 | Build | Mill |
| 4:56 | Build | Mill |
| 5:11 | Create | Villager (Male) |
| 5:12 | Create | Villager (Male) |
| 5:12 | Create | Villager (Male) |
| 5:13 | Create | Villager (Male) |
| 5:13 | Create | Villager (Male) |
| 5:20 | Create | Villager (Male) |
| 5:21 | Create | Villager (Male) |
| 5:39 | Build | House |
| 6:14 | Create | Villager (Male) |
| 6:14 | Create | Villager (Male) |
| 6:14 | Create | Villager (Male) |
| 6:15 | Create | Villager (Male) |
| 8:11 | Research | Feudal Age |
| 8:11 | Research | Feudal Age |
| 9:18 | Create | Villager (Male) |
| 9:26 | Build | House |
| 10:15 | Age | Feudal Age |
| 10:38 | Create | Villager (Male) ×5 |
| 10:38 | Create | Villager (Male) ×5 |
| 10:38 | Create | Villager (Male) ×5 |
| 11:05 | Build | Market |
| 11:12 | Build | Blacksmith |
| 11:29 | Build | Farm |
| 11:33 | Build | Farm |
| 11:43 | Build | Farm |
| 12:21 | Build | Farm |
| 12:22 | Build | Farm |
| 12:26 | Build | Farm |
| 12:34 | Create | Villager (Male) |
| 12:35 | Create | Villager (Male) |
| 12:37 | Create | Villager (Male) ×5 |
| 12:37 | Create | Villager (Male) ×5 |
| 12:58 | Build | House |
| 12:59 | Build | House |
| 13:07 | Build | Farm |
| 13:18 | Build | Farm |
| 13:51 | Build | Farm |
| 13:54 | Research | Loom |
| 14:26 | Create | Villager (Male) |
| 14:47 | Build | Palisade Gate |
| 14:53 | Build | Palisade Gate |
| 15:01 | Build | Palisade Gate |
| 15:02 | Build | Palisade Wall |
| 15:03 | Build | Palisade Wall |
| 15:09 | Build | Palisade Wall |
| 15:12 | Build | Palisade Wall |
| 15:14 | Build | Palisade Wall |
| 15:18 | Research | Castle Age |
| 15:18 | Research | Castle Age |
| 15:23 | Build | Farm |
| 15:44 | Build | Mining Camp |
| 16:55 | Create | Villager (Male) ×5 |
| 16:55 | Create | Villager (Male) ×5 |
| 16:55 | Create | Villager (Male) ×5 |
| 16:57 | Create | Villager (Male) |
| 17:19 | Create | Villager (Male) |
| 17:20 | Create | Villager (Male) |
| 17:37 | Create | Villager (Male) |
| 17:37 | Create | Villager (Male) |
| 17:43 | Age | Castle Age |
| 17:51 | Build | Monastery |
| 18:15 | Build | Town Center |
| 18:30 | Build | Farm |
| 18:38 | Create | Villager (Male) ×5 |
| 18:39 | Create | Villager (Male) ×5 |
| 18:39 | Create | Villager (Male) |
| 18:45 | Create | Villager (Male) |
| 18:45 | Create | Villager (Male) |
| 18:50 | Create | Monk |
| 18:50 | Create | Monk |
| 19:00 | Build | Mining Camp |
| 19:03 | Create | Villager (Male) |
| 19:04 | Create | Villager (Male) |
| 19:17 | Create | Villager (Male) |
| 19:17 | Create | Villager (Male) |
| 19:33 | Create | Villager (Male) |
| 19:33 | Create | Villager (Male) |
| 20:25 | Create | Villager (Male) ×5 |
| 20:25 | Create | Villager (Male) ×5 |
| 20:45 | Build | Farm |
| 20:47 | Build | Farm |
| 20:48 | Build | Farm |
| 20:50 | Build | Farm |
| 20:51 | Build | Farm |
| 20:55 | Build | Farm |
| 20:56 | Build | Farm |
| 20:57 | Build | Farm |
| 21:05 | Build | Farm |
| 21:06 | Build | Farm |
| 21:07 | Build | Farm |
| 21:18 | Build | House |
| 21:19 | Build | House |
| 21:20 | Build | House |
| 21:21 | Build | House |
| 21:25 | Create | Villager (Male) ×4 |
| 21:25 | Create | Villager (Male) ×4 |
| 21:43 | Create | Monk |
| 21:43 | Create | Monk |
| 21:53 | Build | Castle |
| 21:54 | Build | Mining Camp |
| 21:56 | Create | Villager (Male) ×4 |
| 21:57 | Create | Villager (Male) ×4 |
| 22:03 | Build | Farm |
| 22:03 | Build | Farm |
| 22:04 | Build | Farm |
| 22:05 | Build | Farm |
| 22:12 | Create | Villager (Male) |
| 22:17 | Research | Double-Bit Axe |
| 22:18 | Research | Double-Bit Axe |
| 22:35 | Research | Horse Collar |
| 22:35 | Research | Horse Collar |
| 22:38 | Create | Villager (Male) ×4 |
| 22:38 | Create | Villager (Male) ×4 |
| 23:04 | Create | Villager (Male) ×2 |
| 23:05 | Create | Villager (Male) ×2 |
| 23:06 | Build | Farm |
| 23:07 | Build | Farm |
| 23:08 | Build | Farm |
| 23:10 | Create | Villager (Male) |
| 23:12 | Build | Farm |
| 23:22 | Create | Villager (Male) |
| 23:22 | Create | Villager (Male) |
| 23:30 | Build | Farm |
| 23:30 | Build | Farm |
| 23:31 | Build | Farm |
| 23:36 | Create | Villager (Male) ×2 |
| 23:36 | Create | Villager (Male) ×2 |
| 23:36 | Create | Villager (Male) ×2 |
| 23:38 | Build | Farm |
| 23:40 | Create | Villager (Male) |
| 23:40 | Create | Villager (Male) |
Match timeline
| 4:08 | TurulloMix · first_building Barracks |
| 10:06 | eickhoff.luizfelipe · age_up feudal |
| 10:12 | loczekk_95 · age_up feudal |
| 10:15 | 怒头堵紧 · age_up feudal |
| 10:30 | INK | Royal Prestige · age_up feudal |
| 10:30 | loczekk_95 · first_building Barracks |
| 10:32 | Buzz Lightyear · age_up feudal |
| 10:53 | 打咩哟~ · age_up feudal |
| 11:33 | loczekk_95 · first_building Archery Range |
| 12:29 | GmDog · age_up feudal |
| 14:03 | eickhoff.luizfelipe · age_up castle |
| 14:10 | INK | Royal Prestige · age_up castle |
| 14:52 | Buzz Lightyear · age_up castle |
| 15:00 | Buzz Lightyear · first_building Monastery |
| 15:02 | GmDog · first_building Barracks |
| 15:02 | 怒头堵紧 · wall_segment Palisade Wall x1 |
| 15:03 | 怒头堵紧 · wall_segment Palisade Wall x1 |
| 15:09 | 怒头堵紧 · wall_segment Palisade Wall x1 |
| 15:12 | 怒头堵紧 · wall_segment Palisade Wall x1 |
| 15:14 | 怒头堵紧 · wall_segment Palisade Wall x1 |
| 16:26 | TurulloMix · first_market_sell 100 wood |
| 16:28 | TurulloMix · first_market_buy 100 food |
| 16:38 | 打咩哟~ · age_up castle |
| 17:29 | INK | Royal Prestige · first_building Castle |
| 17:43 | 怒头堵紧 · age_up castle |
| 17:45 | GmDog · age_up castle |
| 17:51 | 怒头堵紧 · first_building Monastery |
| 17:59 | loczekk_95 · first_building Stable |
| 18:08 | eickhoff.luizfelipe · first_building Monastery |
| 18:24 | Buzz Lightyear · first_market_buy 100 food |
| 18:38 | GmDog · first_building Monastery |
| 19:04 | 打咩哟~ · first_building Castle |
| 19:32 | TurulloMix · first_building Siege Workshop |
| 20:21 | loczekk_95 · age_up castle |
| 20:31 | TurulloMix · wall_segment Palisade Wall x1 |
| 20:45 | 打咩哟~ · first_building Barracks |
| 21:53 | 怒头堵紧 · first_building Castle |
| 23:48 | TurulloMix · first_building Castle |
| 24:16 | INK | Royal Prestige · first_market_buy 100 food |
| 24:33 | loczekk_95 · first_building Monastery |
| 24:36 | GmDog · first_building Archery Range |
| 25:09 | GmDog · first_building Siege Workshop |
| 25:40 | 怒头堵紧 · first_building Barracks |
| 26:07 | GmDog · first_market_buy 100 food |
| 27:12 | eickhoff.luizfelipe · first_building Stable |
| 27:13 | loczekk_95 · first_building Castle |
| 27:32 | Buzz Lightyear · first_building Castle |
| 27:38 | Buzz Lightyear · first_building Siege Workshop |
| 27:41 | INK | Royal Prestige · first_building Barracks |
| 27:54 | Buzz Lightyear · age_up imperial |
| 27:57 | GmDog · wall_segment Stone Wall x1 |
| 28:56 | GmDog · first_building Castle |
| 29:37 | loczekk_95 · first_building Siege Workshop |
| 29:46 | GmDog · age_up imperial |
| 29:47 | 打咩哟~ · age_up imperial |
| 30:49 | loczekk_95 · age_up imperial |
| 31:09 | 打咩哟~ · first_building Siege Workshop |
| 31:20 | eickhoff.luizfelipe · age_up imperial |
| 32:24 | eickhoff.luizfelipe · first_building Castle |
| 32:52 | Buzz Lightyear · first_market_sell 100 food |
| 33:17 | INK | Royal Prestige · wall_segment Stone Wall x6 |
| 33:19 | INK | Royal Prestige · wall_segment Stone Wall x1 |
| 33:28 | 怒头堵紧 · first_building Archery Range |
| 33:30 | 怒头堵紧 · first_building Stable |
| 33:50 | GmDog · wall_segment Stone Wall x1 |
| 34:19 | TurulloMix · wall_segment Stone Wall x1 |
| 34:20 | 怒头堵紧 · age_up imperial |
| 34:23 | GmDog · wall_segment Stone Wall x5 |
| 34:31 | GmDog · wall_segment Stone Wall x5 |
| 34:43 | eickhoff.luizfelipe · first_building Siege Workshop |
| 36:52 | 怒头堵紧 · first_market_sell 500 wood |
| 37:02 | INK | Royal Prestige · age_up imperial |
| 39:09 | Buzz Lightyear · first_building Barracks |
| 40:13 | TurulloMix · first_building Stable |
| 40:57 | 打咩哟~ · first_building Stable |
| 42:21 | 打咩哟~ · resign |
[ AI ANALYSIS · 1 CREDIT ]
What really happened in this match?
Wolo.gg analyzes every decision: build order, eco, micro, common mistakes by bracket. Personalized analysis on WhatsApp or Discord in 30 seconds.
Civ guide
Italians
Perfil
Jugador #9707067